[Event "SWVG Arnold Classic Prestige All 2019"]
[Site "Sandton"]
[Date "2019.05.19"]
[Round "9.6"]
[White "Masiya, Mfundo"]
[Black "Mwale, Joseph"]
[Result "1-0"]
[ECO "B14"]
[WhiteElo "1977"]
[BlackElo "2274"]
[Annotator "NA RC"]
[PlyCount "143"]
[EventDate "2019.05.18"]
[EventType "swiss"]
[EventCountry "RSA"]
[SourceTitle "playchess.com"]
[Source "ChessBase"]
[SourceQuality "1"]
[TimeControl "1500+10"]

1. e4 c6 2. d4 d5 3. exd5 cxd5 4. c4 Nf6 5. Nc3 g6 6. cxd5 Bg7 7. Qb3 O-O 8. Be2 Nbd7 9. Bf3 Nb6 10. Nge2 Bf5 11. O-O Bd3 {[%emt 0:00:00] [#]} 12. d6 $1 {[%emt 0:00:00] B14: Caro-Kann: Panov-Botvinnik Attack with 5...e6 and 5...g6} (12. Rd1 Bc4 13. Qc2 Nfxd5 14. Nf4 Rc8 15. Nd3 Nxc3 16. bxc3 Bd5 17. Bg4 e6 18. Nc5 Nd7 19. Ba3 Nxc5 20. Bxc5 {½-½ (38) Frolyanov,D (2610)-Lintchevski,D (2539) Olginka 2011}) 12... Qxd6 13. Bxb7 Rad8 14. Bf4 Qd7 15. Bf3 Qf5 $146 ({Predecessor:} 15... Bc4 16. Qa3 Nfd5 17. Bg3 Rc8 18. Rfd1 Rfd8 19. Rac1 e6 {½-½ (42) Veleski,R (2232)-Bogdanovski,V (2426) Struga 2014}) 16. Be5 Nc4 17. Ng3 Qg5 18. Bxf6 Qxf6 19. Nd5 Rxd5 20. Bxd5 Bxf1 21. Nxf1 Nb6 22. Rd1 Rd8 23. Bc4 e6 24. Ne3 Rxd4 25. Bf1 Rxd1 26. Nxd1 Qd4 27. Nc3 Qd2 28. Nd1 Nd5 29. Qd3 Qc1 30. b3 Bf8 31. g3 a5 (31... Nb4 $5 32. Qd4 Bc5 $17) 32. h4 Nb4 33. Qe2 Qa1 34. a4 Qb1 35. Qf3 e5 {[%emt 0:00:34] [#]} 36. Bc4 $1 Qf5 37. Qxf5 gxf5 38. Ne3 f4 39. gxf4 exf4 40. Nf5 Nc6 41. Kg2 Ne5 42. f3 Nxc4 (42... h5 $11 {remains equal.} 43. Bd5 Bc5) 43. bxc4 f6 44. Kf1 Kf7 45. Nd4 $2 (45. Ke2 $18) 45... Bc5 46. Nb3 Bb6 47. Ke2 Kg6 48. c5 Bc7 49. Kd3 Kh5 {[%emt 0:00:01] [#]} 50. Ke4 $2 (50. Nxa5 $1 $18 Bxa5 51. Kc4) 50... Kxh4 51. Nd4 Be5 52. Ne6 Kg3 53. Ng7 Kf2 54. c6 h6 55. Nh5 Bc7 56. Nxf6 Bd8 $18 57. Nh5 Ke2 58. Nxf4+ Kd2 59. Ne6 Bb6 60. c7 Bxc7 61. Nxc7 h5 62. Kf4 h4 63. Kg4 Ke3 64. Nd5+ Kd4 65. Kxh4 Kxd5 66. Kg5 Ke6 67. Kg6 Ke5 68. Kg5 Ke6 69. f4 Ke7 70. Kg6 Ke6 71. f5+ Ke7 72. Kg7 1-0

[Event "SWVG Arnold Classic Prestige All 2019"]
[Site "Sandton"]
[Date "2019.05.19"]
[Round "9.7"]
[White "Zwakala, Ntando"]
[Black "Mthunzi, Brighton"]
[Result "1-0"]
[ECO "D37"]
[WhiteElo "2088"]
[BlackElo "2006"]
[Annotator "NA RC"]
[PlyCount "78"]
[EventDate "2019.05.18"]
[EventType "swiss"]
[EventCountry "RSA"]
[SourceTitle "playchess.com"]
[Source "ChessBase"]
[SourceQuality "1"]
[TimeControl "1500+10"]

1. d4 d5 2. c4 e6 3. Nf3 Be7 4. Nc3 Nf6 5. Bf4 O-O 6. e3 c5 7. dxc5 Qa5 8. Qc2 {[%emt 0:00:32] D37: Queen's Gambit Declined: 5 Bf4} Qxc5 9. cxd5 $146 ({Predecessor:} 9. Be2 dxc4 10. O-O Nc6 11. Na4 Qa5 12. Qxc4 Bd7 {½-½ (42) Andreikin,D (2689)-Matlakov,M (2632) Sochi 2012}) 9... Nxd5 10. Bd3 h6 11. Nxd5 Qxd5 12. O-O Nc6 13. a3 e5 14. Bc4 Qd6 15. Bg3 Bg4 (15... Be6 $11 {remains equal.}) 16. b4 Bxf3 17. gxf3 Rac8 18. Qe4 Bf6 19. Rad1 Qe7 20. Rd5 Rfd8 21. Rfd1 Rxd5 22. Rxd5 a6 23. Bb3 h5 24. Qf5 Rf8 25. Qxh5 a5 26. Qg4 axb4 27. axb4 Qxb4 28. Qxb4 Nxb4 29. Rb5 Nc6 30. f4 exf4 31. Bxf4 Nd8 32. Bd5 Re8 33. e4 Be5 34. Be3 Re7 35. f4 Bc7 36. Kf2 Kh7 37. e5 g5 38. Be4+ Kg7 39. fxg5 Bxe5 $14 1-0

[Event "SWVG Arnold Classic Prestige All 2019"]
[Site "Sandton"]
[Date "2019.05.19"]
[Round "9.8"]
[White "Smit, Devon"]
[Black "Mpya, Tshediso M"]
[Result "1-0"]
[ECO "B11"]
[WhiteElo "1743"]
[BlackElo "1936"]
[Annotator "NA RC"]
[PlyCount "121"]
[EventDate "2019.05.18"]
[EventType "swiss"]
[EventCountry "RSA"]
[SourceTitle "playchess.com"]
[Source "ChessBase"]
[SourceQuality "1"]
[TimeControl "1500+10"]

1. e4 c6 2. Nf3 d5 3. Nc3 Bg4 4. h3 Bxf3 5. Qxf3 e6 6. exd5 cxd5 7. d4 Nc6 8. Be3 Qb6 9. Bb5 a6 10. Bxc6+ bxc6 11. Rb1 Nf6 12. O-O Be7 13. Ne2 O-O 14. Ng3 h6 15. b3 Qa5 16. a4 Qc3 17. Ne2 Qxc2 18. Rfc1 Qg6 19. Nf4 Qh7 20. Rb2 Ba3 21. Rbc2 Bxc1 22. Rxc1 Rfc8 23. Bd2 Qe4 24. Qg3 Qf5 25. Nd3 Ne4 26. Qe3 Rab8 27. b4 Nxd2 28. Qxd2 f6 29. Nc5 e5 30. Nxa6 Rb6 31. Nc5 Rcb8 32. g4 Qc8 33. Rb1 h5 34. f3 Qc7 35. a5 Rb5 36. Na6 Qd6 37. Nxb8 Qxb8 38. Kg2 h4 39. Rb3 exd4 40. f4 c5 41. Kf3 Rxb4 42. Rxb4 Qe8 43. Rb6 Qe4+ 44. Kf2 c4 45. a6 c3 46. Qc1 d3 47. a7 d2 48. a8=Q+ Kh7 49. Qb1 c2 50. Qaa1 Qxf4+ 51. Ke2 d1=Q+ 52. Qxd1 Qe4+ 53. Kf2 Qf4+ 54. Qf3 c1=Q 55. Qxc1 Qxc1 56. Qf5+ Kg8 57. Rb8+ Kf7 58. Qd7+ Kg6 59. Qe8+ Kg5 60. Qh5+ Kf4 61. Qf5# 1-0

[Event "SWVG Arnold Classic Prestige All 2019"]
[Site "Sandton"]
[Date "2019.05.19"]
[Round "9.9"]
[White "Simpson, Michael M"]
[Black "Bhawoodien, Shabir Hussain"]
[Result "0-1"]
[ECO "C56"]
[WhiteElo "1995"]
[BlackElo "2020"]
[Annotator "NA RC"]
[PlyCount "46"]
[EventDate "2019.05.18"]
[EventType "swiss"]
[EventCountry "RSA"]
[SourceTitle "playchess.com"]
[Source "ChessBase"]
[SourceQuality "1"]
[TimeControl "1500+10"]

1. e4 e5 2. Nf3 Nc6 3. d4 exd4 4. Bc4 Nf6 5. e5 d5 6. Bb5 Ne4 7. Nxd4 Bd7 8. Bxc6 bxc6 9. O-O Bc5 10. Be3 Qe7 11. f3 Nd6 12. Re1 Nf5 13. Bf2 Bxd4 ({Better is} 13... Nxd4 $15 14. Bxd4 Rb8) 14. Bxd4 $11 O-O 15. Nc3 Qg5 16. Bc5 Rfe8 17. Ne4 dxe4 18. fxe4 Nh4 19. g3 Rad8 20. Be3 Qg6 21. Qc1 Nf3+ 22. Kf2 Nxe1 23. Qxe1 Qxe4 0-1

[Event "SWVG Arnold Classic Prestige All 2019"]
[Site "Sandton"]
[Date "2019.05.19"]
[Round "9.10"]
[White "Van Der Walt, Pierre E."]
[Black "Bucceri, Draven"]
[Result "1-0"]
[ECO "C12"]
[WhiteElo "1993"]
[BlackElo "1633"]
[Annotator "NA RC"]
[PlyCount "55"]
[EventDate "2019.05.18"]
[EventType "swiss"]
[EventCountry "RSA"]
[SourceTitle "playchess.com"]
[Source "ChessBase"]
[SourceQuality "1"]
[TimeControl "1500+10"]

1. e4 e6 2. d4 d5 3. Nc3 Nf6 4. Bg5 Bb4 5. e5 h6 6. exf6 hxg5 7. fxg7 Rg8 8. Qh5 Qf6 9. Nf3 g4 10. Qxg4 Rxg7 11. Qh4 Qxh4 12. Nxh4 Nc6 13. O-O-O Bd7 14. Nf3 O-O-O $16 15. g3 Bxc3 16. bxc3 f6 17. Bb5 Be8 18. Rde1 Bf7 19. Bxc6 bxc6 20. Nh4 Bg8 21. f4 Kd7 22. f5 Re8 23. Re2 e5 24. dxe5 Rxe5 25. Rhe1 Kd6 26. Kd2 Bh7 27. a3 Bxf5 28. Rxe5 1-0

[Event "SWVG Arnold Classic Prestige All 2019"]
[Site "Sandton"]
[Date "2019.05.19"]
[Round "9.11"]
[White "Swartz, David"]
[Black "Steyn, Hans"]
[Result "0-1"]
[ECO "A02"]
[WhiteElo "1756"]
[BlackElo "1863"]
[Annotator "NA RC"]
[PlyCount "66"]
[EventDate "2019.05.18"]
[EventType "swiss"]
[EventCountry "RSA"]
[SourceTitle "playchess.com"]
[Source "ChessBase"]
[SourceQuality "1"]
[TimeControl "1500+10"]

1. f4 Nf6 2. Nf3 e6 3. b3 c5 4. Bb2 Be7 5. g3 b6 6. Bg2 Bb7 7. O-O O-O 8. d3 Qc7 9. e4 d6 10. Nbd2 Nbd7 11. a4 a6 12. c4 Bc6 13. Qe2 e5 14. fxe5 dxe5 15. Nh4 g6 16. Rf2 Nh5 17. Raf1 Bxh4 18. gxh4 Nf4 19. Qe3 Ne6 20. Nf3 Nd4 21. Qh6 Nxf3+ 22. Rxf3 f6 23. Bh3 Qd6 24. Rg3 Rf7 25. h5 Nf8 26. Bf5 Rg7 27. h4 Raa7 28. Bg4 Raf7 29. Kh2 Bd7 30. Rfg1 Bxg4 31. Rxg4 Qxd3 32. R1g3 Qd7 33. Rf3 Qxg4 0-1

[Event "SWVG Arnold Classic Prestige All 2019"]
[Site "Sandton"]
[Date "2019.05.19"]
[Round "9.12"]
[White "Klevansky, Aron"]
[Black "Molepo, Maropeng Quintallio"]
[Result "0-1"]
[ECO "C77"]
[WhiteElo "1878"]
[BlackElo "1723"]
[Annotator "NA RC"]
[PlyCount "40"]
[EventDate "2019.05.18"]
[EventType "swiss"]
[EventCountry "RSA"]
[SourceTitle "playchess.com"]
[Source "ChessBase"]
[SourceQuality "1"]
[TimeControl "1500+10"]

1. e4 e5 2. Nf3 Nc6 3. Bb5 a6 4. Ba4 Nf6 5. Qe2 b5 6. Bb3 Be7 7. a4 b4 8. d4 d5 9. exd5 Nxd4 10. Nxd4 exd4 11. Qc4 Bb7 12. d6 Qxd6 13. Qxf7+ Kd7 14. Nd2 Qe5+ 15. Kf1 Raf8 16. f4 Bxg2+ 17. Kxg2 Qe2+ 18. Kg3 Rxf7 19. Bxf7 Rf8 20. Bc4 Nh5+ 0-1

[Event "SWVG Arnold Classic Prestige All 2019"]
[Site "Sandton"]
[Date "2019.05.19"]
[Round "10.3"]
[White "Erlank, Warrick"]
[Black "Makoto, Rodwell"]
[Result "*"]
[ECO "C54"]
[WhiteElo "1967"]
[BlackElo "2369"]
[Annotator "NA RC"]
[PlyCount "43"]
[EventDate "2019.05.18"]
[EventType "swiss"]
[EventCountry "RSA"]
[SourceTitle "playchess.com"]
[Source "ChessBase"]
[SourceQuality "1"]
[TimeControl "1500+10"]

1. e4 e5 2. Nf3 Nc6 3. d4 exd4 4. Bc4 Bc5 5. c3 Nf6 6. e5 d5 7. Bb5 Ne4 8. cxd4 Bb6 9. h3 O-O 10. O-O f6 11. Nc3 f5 12. Ba4 Ne7 13. Bb3 Kh8 14. Ng5 $11 c6 15. Ncxe4 fxe4 16. Qh5 Bf5 17. Nf7+ Rxf7 18. Qxf7 Bg6 19. Qe6 Nf5 20. Be3 Qc7 21. g4 Re8 22. gxf5 *

[Event "SWVG Arnold Classic Prestige All 2019"]
[Site "Sandton"]
[Date "2019.05.19"]
[Round "10.6"]
[White "Oatlhotse, Providence"]
[Black "Van Der Walt, Pierre E."]
[Result "*"]
[ECO "B14"]
[WhiteElo "2289"]
[BlackElo "1993"]
[Annotator "NA RC"]
[PlyCount "143"]
[EventDate "2019.05.18"]
[EventType "swiss"]
[EventCountry "RSA"]
[SourceTitle "playchess.com"]
[Source "ChessBase"]
[SourceQuality "1"]
[TimeControl "1500+10"]

1. e4 c6 2. d4 d5 3. exd5 cxd5 4. c4 Nf6 5. Nc3 g6 6. cxd5 Bg7 7. Qb3 O-O 8. Be2 Nbd7 9. Bf3 Nb6 10. Nge2 Bf5 11. O-O Bd3 12. d6 Qxd6 13. Bxb7 Rad8 14. Bf4 Qd7 15. Bf3 Qf5 16. Be5 Nc4 17. Ng3 Qg5 18. Bxf6 Qxf6 19. Nd5 Rxd5 20. Bxd5 Bxf1 21. Nxf1 Nb6 22. Rd1 Rd8 23. Bc4 e6 24. Ne3 Rxd4 25. Bf1 Rxd1 26. Nxd1 Qd4 27. Nc3 Qd2 28. Nd1 Nd5 29. Qd3 Qc1 30. b3 Bf8 31. g3 a5 32. h4 Nb4 33. Qe2 Qa1 34. a4 Qb1 35. Qf3 e5 36. Bc4 Qf5 37. Qxf5 gxf5 38. Ne3 f4 39. gxf4 exf4 40. Nf5 Nc6 41. Kg2 Ne5 42. f3 Nxc4 43. bxc4 f6 44. Kf1 Kf7 45. Nd4 Bc5 46. Nb3 Bb6 47. Ke2 Kg6 48. c5 Bc7 49. Kd3 Kh5 50. Ke4 Kxh4 51. Nd4 Be5 52. Ne6 Kg3 53. Ng7 Kf2 54. c6 h6 55. Nh5 Bc7 56. Nxf6 Bd8 57. Nh5 Ke2 58. Nxf4+ Kd2 59. Ne6 Bb6 60. c7 Bxc7 61. Nxc7 h5 62. Kf4 h4 63. Kg4 Ke3 64. Nd5+ Kd4 65. Kxh4 Kxd5 66. Kg5 Ke6 67. Kg6 Ke5 68. Kg5 Ke6 69. f4 Ke7 70. Kg6 Ke6 71. f5+ Ke7 72. Kg7 *

[Event "SWVG Arnold Classic Prestige All 2019"]
[Site "Sandton"]
[Date "2019.05.19"]
[Round "10.7"]
[White "Bhawoodien, Shabir Hussain"]
[Black "Sithole, Collins"]
[Result "1-0"]
[ECO "E70"]
[WhiteElo "2020"]
[BlackElo "1861"]
[Annotator "NA RC"]
[PlyCount "135"]
[EventDate "2019.05.18"]
[EventType "swiss"]
[EventCountry "RSA"]
[SourceTitle "playchess.com"]
[Source "ChessBase"]
[SourceQuality "1"]
[TimeControl "1500+10"]

1. e4 g6 2. d4 Bg7 3. c4 c5 4. d5 d6 5. Nc3 Nf6 6. Bg5 h6 7. Be3 {[%emt 0:00:02] E70: King's Indian: Miscellaneous lines with 4 e4, including 5 Nge2 and 5 Bd3 0-0 6 Nge2} Nbd7 (7... Ng4 8. Bd2 Bd4 9. Nh3 e5 10. dxe6 Bxe6 11. Be2 Qd7 12. O-O Ne5 13. Nf4 Bxc4 14. Nfd5 Bxd5 15. Nxd5 {0-1 (27) Tregubov,P (2585)-Banikas,H (2568) Doha 2016}) 8. f3 Qa5 9. Nge2 $146 ({Predecessor:} 9. Nh3 Nb6 10. Nf2 Bd7 11. Bd2 Na4 12. Nb5 Nxb2 13. Bxa5 Nxd1 14. Nxd1 Bxb5 15. cxb5 Nxe4 {1-0 (46) Torres,E (1939)-Perondi,M (1524) Florianopolis 2017}) 9... a6 10. Nc1 Rb8 11. Nb3 Qb4 12. a3 Qb6 13. Be2 Ne5 14. h3 (14. f4 $16 Ned7 15. Rc1) 14... g5 15. Kf2 Bd7 16. g3 Ng6 17. Rb1 Qd8 18. Nd2 Nh5 19. Kg2 b5 20. Qc2 Rg8 21. Bf2 Qc8 22. g4 Nhf4+ 23. Kf1 b4 24. axb4 cxb4 25. Nd1 Nxe2 26. Kxe2 Nf4+ 27. Kf1 a5 28. b3 Qa6 29. Nb2 e6 30. Nd3 Ng6 31. Kg2 Bc3 32. dxe6 fxe6 33. Bg3 Ke7 {[%emt 0:00:32] [#]} 34. Rhe1 $2 (34. e5 $1 $16 d5 35. Nc5) 34... e5 35. Re2 Rgf8 36. Nf1 Nf4+ 37. Nxf4 gxf4 38. Be1 Bd4 39. Bf2 Bc3 40. Rd1 h5 41. Qd3 hxg4 42. Bh4+ Ke8 43. hxg4 Rb6 44. Nd2 a4 45. Nb1 Bd4 46. Bf2 Bxf2 47. Rxf2 a3 48. Qd2 Be6 49. c5 a2 50. cxb6 a1=Q $18 51. Qxd6 Qc8 52. b7 Qxb7 53. Qxe6+ Qe7 54. Qc6+ Kf7 55. Rd7 Qd4 56. Rxe7+ Kxe7 57. Rd2 Qa7 58. Qd6+ Kf7 59. Qxe5 Kg8 60. Qg5+ Kh8 61. Kf1 Qh7 62. Qh5 Qxh5 63. gxh5 Rc8 64. Ke2 Rc1 65. Rb2 Rh1 66. Nd2 Rxh5 67. Rc2 Rh2+ 68. Kd3 1-0

[Event "SWVG Arnold Classic Prestige All 2019"]
[Site "Sandton"]
[Date "2019.05.19"]
[Round "10.8"]
[White "Steyn, Hans"]
[Black "Smit, Devon"]
[Result "1/2-1/2"]
[ECO "A16"]
[WhiteElo "1863"]
[BlackElo "1743"]
[Annotator "NA RC"]
[PlyCount "82"]
[EventDate "2019.05.18"]
[EventType "swiss"]
[EventCountry "RSA"]
[SourceTitle "playchess.com"]
[Source "ChessBase"]
[SourceQuality "1"]
[TimeControl "1500+10"]

1. c4 Nf6 2. Nc3 g6 3. g3 Bg7 4. Bg2 d6 5. e4 Nbd7 6. Nge2 O-O 7. O-O c5 8. d3 Rb8 9. h3 a6 10. a4 Ne5 11. Be3 Nc6 12. Qd2 Nb4 13. Kh2 Bd7 14. a5 b5 15. axb6 Qxb6 16. d4 cxd4 17. Nxd4 Qc7 18. Nd5 Nbxd5 19. cxd5 Bb5 20. Rfc1 Qd7 21. Nc6 Rbc8 22. Nd4 Rb8 23. Nxb5 Qxb5 24. Rc7 Rfe8 25. Ra5 Qxb2 26. Qxb2 Rxb2 27. Rxa6 Rb4 28. f3 h5 29. Raa7 Kf8 30. Bf4 Rb6 31. h4 Ng8 32. Kh3 Bh6 33. Bf1 Bxf4 34. gxf4 Nf6 35. Kg3 Rb3 36. Kf2 Rb2+ 37. Be2 Ng8 38. e5 Rb6 39. Ke3 Reb8 40. Kd4 Rb4+ 41. Bc4 R4b5 1/2-1/2

[Event "SWVG Arnold Classic Prestige All 2019"]
[Site "Sandton"]
[Date "2019.05.19"]
[Round "10.9"]
[White "Molepo, Maropeng Quintallio"]
[Black "Mwale, Joseph"]
[Result "1/2-1/2"]
[ECO "C47"]
[WhiteElo "1723"]
[BlackElo "2274"]
[Annotator "NA RC"]
[PlyCount "27"]
[EventDate "2019.05.18"]
[EventType "swiss"]
[EventCountry "RSA"]
[SourceTitle "playchess.com"]
[Source "ChessBase"]
[SourceQuality "1"]
[TimeControl "1500+10"]

1. e4 e5 2. Nf3 Nc6 3. Nc3 Nf6 4. g3 d5 5. exd5 Nxd5 6. Bg2 Nxc3 7. bxc3 Bd6 8. O-O O-O 9. d4 exd4 10. cxd4 Bg4 11. c3 Qd7 12. Re1 Rae8 13. Be3 f5 14. h3 1/2-1/2

[Event "SWVG Arnold Classic Prestige All 2019"]
[Site "Sandton"]
[Date "2019.05.19"]
[Round "10.10"]
[White "Tapera, Uzeni"]
[Black "Mthunzi, Brighton"]
[Result "0-1"]
[ECO "B92"]
[WhiteElo "1748"]
[BlackElo "2006"]
[Annotator "NA RC"]
[PlyCount "84"]
[EventDate "2019.05.18"]
[EventType "swiss"]
[EventCountry "RSA"]
[SourceTitle "playchess.com"]
[Source "ChessBase"]
[SourceQuality "1"]
[TimeControl "1500+10"]

1. e4 c5 2. Nf3 d6 3. d4 cxd4 4. Nxd4 Nf6 5. Nc3 a6 6. Be2 e5 7. Nb3 Be7 8. Be3 b5 9. a3 Be6 10. O-O Nbd7 11. f4 exf4 12. Bxf4 Ne5 13. Nd4 Rc8 14. Nxe6 fxe6 15. Kh1 O-O 16. Bxe5 dxe5 17. Qe1 Qb6 18. Qg3 Qc7 19. Rad1 Rcd8 20. Qh3 Qc6 21. Bd3 Bc5 22. Ne2 Rde8 23. Ng3 Bd4 24. c3 Bb6 25. Bc2 a5 26. Bb1 Bc5 27. Qh4 b4 28. cxb4 axb4 29. axb4 Bxb4 30. Qg5 Bc5 31. Qxe5 Ng4 32. Qc3 Qb6 33. Nh5 e5 34. Ba2+ Kh8 35. Qg3 Qg6 36. h3 Nf2+ 37. Rxf2 Bxf2 38. Qg4 Qxg4 39. hxg4 g6 40. g3 gxh5 41. Kg2 hxg4 42. Bd5 Bd4 0-1

[Event "SWVG Arnold Classic Prestige All 2019"]
[Site "Sandton"]
[Date "2019.05.19"]
[Round "10.12"]
[White "Kushar, Michael"]
[Black "Klevansky, Aron"]
[Result "0-1"]
[ECO "B23"]
[WhiteElo "1884"]
[BlackElo "1878"]
[Annotator "NA RC"]
[PlyCount "100"]
[EventDate "2019.05.18"]
[EventType "swiss"]
[EventCountry "RSA"]
[SourceTitle "playchess.com"]
[Source "ChessBase"]
[SourceQuality "1"]
[TimeControl "1500+10"]

1. e4 d6 2. Bc4 Nf6 3. Nc3 c5 4. d3 g6 5. Nge2 Bg7 6. O-O Nc6 7. a3 O-O 8. f4 a6 9. Ba2 b5 10. h3 b4 11. axb4 cxb4 12. Nd5 Nxd5 13. Bxd5 Qb6+ 14. Kh1 Bb7 15. Qe1 Rac8 16. c3 e6 17. Bxc6 Bxc6 18. cxb4 Bb5 19. Qg3 Rc2 20. Nc3 Qd4 21. Nxb5 axb5 22. f5 exf5 23. exf5 Rfc8 24. fxg6 hxg6 25. Be3 Qxd3 26. Rad1 Qe4 27. Rxd6 Be5 28. Rxg6+ fxg6 29. Qg5 Re2 30. Bc5 Re1 31. Rxe1 Qxe1+ 32. Bg1 Qe4 33. h4 Rf8 34. Qe7 Qf5 35. Qc5 Qh5 36. Qd5+ Kg7 37. g3 Qf3+ 38. Qxf3 Rxf3 39. Bh2 Rb3 40. Kg2 Rxb2+ 41. Kh3 Rxb4 42. Bg1 Rb3 43. Bf2 b4 44. Kg4 Rb1 45. h5 gxh5+ 46. Kxh5 b3 47. Kg5 b2 48. g4 Rf1 49. Bg3 Bf6+ 50. Kh5 Rh1+ 0-1